Workbook

Sheet GK01收入支出决算表
A1: 收入支出决算表
F2: 公开01表
A3: 部门：新平彝族傣族自治县残疾人联合会 | F3: 金额单位：元
A4: 收入 | D4: 支出
A5: 项目 | B5: 行次 | C5: 金额 | D5: 项目(按功能分类) | E5: 行次 | F5: 金额
A6: 栏次 | C6: 1 | D6: 栏次 | F6: 2
A7: 一、一般公共预算财政拨款收入 | B7: 1 | C7: 6996049.8 | D7: 一、一般公共服务支出 | E7: 31 | F7: 0
A8: 二、政府性基金预算财政拨款收入 | B8: 2 | C8: 963856.9 | D8: 二、外交支出 | E8: 32 | F8: 0
A9: 三、国有资本经营预算财政拨款收入 | B9: 3 | C9: 0 | D9: 三、国防支出 | E9: 33 | F9: 0
A10: 四、上级补助收入 | B10: 4 | C10: 0 | D10: 四、公共安全支出 | E10: 34 | F10: 0
A11: 五、事业收入 | B11: 5 | C11: 0 | D11: 五、教育支出 | E11: 35 | F11: 0
A12: 六、经营收入 | B12: 6 | C12: 0 | D12: 六、科学技术支出 | E12: 36 | F12: 0
A13: 七、附属单位上缴收入 | B13: 7 | C13: 0 | D13: 七、文化旅游体育与传媒支出 | E13: 37 | F13: 0
A14: 八、其他收入 | B14: 8 | C14: 44250 | D14: 八、社会保障和就业支出 | E14: 38 | F14: 6643330
B15: 9 | D15: 九、卫生健康支出 | E15: 39 | F15: 194457.72
B16: 10 | D16: 十、节能环保支出 | E16: 40 | F16: 0
B17: 11 | D17: 十一、城乡社区支出 | E17: 41 | F17: 0
B18: 12 | D18: 十二、农林水支出 | E18: 42 | F18: 0
B19: 13 | D19: 十三、交通运输支出 | E19: 43 | F19: 0
B20: 14 | D20: 十四、资源勘探工业信息等支出 | E20: 44 | F20: 0
B21: 15 | D21: 十五、商业服务业等支出 | E21: 45 | F21: 0
B22: 16 | D22: 十六、金融支出 | E22: 46 | F22: 0
B23: 17 | D23: 十七、援助其他地区支出 | E23: 47 | F23: 0
B24: 18 | D24: 十八、自然资源海洋气象等支出 | E24: 48 | F24: 0
B25: 19 | D25: 十九、住房保障支出 | E25: 49 | F25: 204532
B26: 20 | D26: 二十、粮油物资储备支出 | E26: 50 | F26: 0
... B32: 26 | D32: 二十六、抗疫特别国债安排的支出 | E32: 56 | F32: 0
A33: 本年收入合计 | B33: 27 | C33: 8004156.7 | D33: 本年支出合计 | E33: 57 | F33: 8006176.7
A34: 使用专用结余 | B34: 28 | C34: 0 | D34: 结余分配 | E34: 58 | F34: 0
A35: 年初结转和结余 | B35: 29 | C35: 17997.54 | D35: 年末结转和结余 | E35: 59 | F35: 15977.54
A36: 总计 | B36: 30 | C36: 8022154.2 | D36: 总计 | E36: 60 | F36: 8022154.2
A37: 注：1.本表反映本年度的总收支和年初、年末结转结余情况。

Sheet GK02收入决算表
G1: 收入决算表
L2: 公开02表
A3: =GK01收入支出决算表!A3 -> 部门：新平彝族傣族自治县残疾人联合会 | L3: 金额单位：元
A4: 项目 | E4: 本年收入合计 | F4: 财政拨款收入 | G4: 上级补助收入 | H4: 事业收入 | J4: 经营收入 | K4: 附属单位上缴收入 | L4: 其他收入
A5: 支出功能分类科目编码 | D5: 科目名称 | H5: 小计 | I5: 其中：教育收费 | L5: 小计
A8: 类 | B8: 款 | C8: 项 | D8: 栏次 | E8: 1 | F8: 2 | G8: 3 | H8: 4 | I8: 5 | J8: 6 | K8: 7 | L8: 8
D9: 合计 | E9: =SUM(E10:E24) -> 8004156.7 | F9: =SUM(F10:F24) -> 7959906.7 | G9: =SUM(G10:G24) -> 0 | H9: =SUM(H10:H24) -> 0 | I9: =SUM(I10:I24) -> 0 | J9: =SUM(J10:J24) -> 0 | K9: =SUM(K10:K24) -> 0 | L9: =SUM(L10:L24) -> 44250
A10: 2080501 | D10: 行政单位离退休 | E10: 2400 | F10: 2400 | G10: 0 | H10: 0 | I10: 0 | J10: 0 | K10: 0 | L10: 0
A11: 2080502 | D11: 事业单位离退休 | E11: 1200 | F11: 1200 | G11: 0 | H11: 0 | I11: 0 | J11: 0 | K11: 0 | L11: 0
A12: 2080505 | D12: 机关事业单位基本养老保险缴费支出 | E12: 235329.12 | F12: 235329.12 | G12: 0 | H12: 0 | I12: 0 | J12: 0 | K12: 0 | L12: 0
A13: 2080801 | D13: 死亡抚恤 | E13: 268253.4 | F13: 268253.4 | G13: 0 | H13: 0 | I13: 0 | J13: 0 | K13: 0 | L13: 0
A14: 2081101 | D14: 行政运行 | E14: 1545528.1 | F14: 1545528.1 | G14: 0 | H14: 0 | I14: 0 | J14: 0 | K14: 0 | L14: 0
A15: 2081104 | D15: 残疾人康复 | E15: 689345.81 | F15: 689345.81 | G15: 0 | H15: 0 | I15: 0 | J15: 0 | K15: 0 | L15: 0
A16: 2081105 | D16: 残疾人就业 | E16: 3441008 | F16: 3441008 | G16: 0 | H16: 0 | I16: 0 | J16: 0 | K16: 0 | L16: 0
A17: 2081199 | D17: 其他残疾人事业支出 | E17: 458245.6 | F17: 413995.6 | G17: 0 | H17: 0 | I17: 0 | J17: 0 | K17: 0 | L17: 44250
A18: 2101101 | D18: 行政单位医疗 | E18: 104906.18 | F18: 104906.18 | G18: 0 | H18: 0 | I18: 0 | J18: 0 | K18: 0 | L18: 0
A19: 2101102 | D19: 事业单位医疗 | E19: 3177 | F19: 3177 | G19: 0 | H19: 0 | I19: 0 | J19: 0 | K19: 0 | L19: 0
A20: 2101103 | D20: 公务员医疗补助 | E20: 83957.2 | F20: 83957.2 | G20: 0 | H20: 0 | I20: 0 | J20: 0 | K20: 0 | L20: 0
A21: 2101199 | D21: 其他行政事业单位医疗支出 | E21: 2417.34 | F21: 2417.34 | G21: 0 | H21: 0 | I21: 0 | J21: 0 | K21: 0 | L21: 0
... A24: 2296006 | D24: 用于残疾人事业的彩票公益金支出 | E24: 884639.78 | F24: 884639.78 | G24: 0 | H24: 0 | I24: 0 | J24: 0 | K24: 0 | L24: 0
A26: 注：本表反映本年度取得的各项收入情况。

Sheet GK03支出决算表
A1: 支出决算表
J2: 公开03表
A3: =GK01收入支出决算表!A3 -> 部门：新平彝族傣族自治县残疾人联合会 | J3: 金额单位：元
A4: 项目 | E4: 本年支出合计 | F4: 基本支出 | G4: 项目支出 | H4: 上缴上级支出 | I4: 经营支出 | J4: 对附属单位补助支出
A5: 支出功能分类科目编码 | D5: 科目名称
A8: 类 | B8: 款 | C8: 项 | D8: 栏次 | E8: 1 | F8: 2 | G8: 3 | H8: 4 | I8: 5 | J8: 6
D9: 合计 | E9: =SUM(E10:E24) -> 8006176.7 | F9: =SUM(F10:F24) -> 2183446.9 | G9: =SUM(G10:G24) -> 5822729.7 | H9: =SUM(H10:H24) -> 0 | I9: =SUM(I10:I24) -> 0 | J9: =SUM(J10:J24) -> 0
A10: 2080501 | D10: 行政单位离退休 | E10: 2400 | F10: 2400 | G10: 0 | H10: 0 | I10: 0 | J10: 0
A11: 2080502 | D11: 事业单位离退休 | E11: 1200 | F11: 1200 | G11: 0 | H11: 0 | I11: 0 | J11: 0
A12: 2080505 | D12: 机关事业单位基本养老保险缴费支出 | E12: 235329.12 | F12: 235329.12 | G12: 0 | H12: 0 | I12: 0 | J12: 0
A13: 2080801 | D13: 死亡抚恤 | E13: 268253.4 | F13: 0 | G13: 268253.4 | H13: 0 | I13: 0 | J13: 0
A14: 2081101 | D14: 行政运行 | E14: 1545528.1 | F14: 1545528.1 | G14: 0 | H14: 0 | I14: 0 | J14: 0
A15: 2081104 | D15: 残疾人康复 | E15: 689345.81 | F15: 0 | G15: 689345.81 | H15: 0 | I15: 0 | J15: 0
A16: 2081105 | D16: 残疾人就业 | E16: 3441008 | F16: 0 | G16: 3441008 | H16: 0 | I16: 0 | J16: 0
A17: 2081199 | D17: 其他残疾人事业支出 | E17: 460265.6 | F17: 0 | G17: 460265.6 | H17: 0 | I17: 0 | J17: 0
A18: 2101101 | D18: 行政单位医疗 | E18: 104906.18 | F18: 104906.18 | G18: 0 | H18: 0 | I18: 0 | J18: 0
A19: 2101102 | D19: 事业单位医疗 | E19: 3177 | F19: 3177 | G19: 0 | H19: 0 | I19: 0 | J19: 0
A20: 2101103 | D20: 公务员医疗补助 | E20: 83957.2 | F20: 83957.2 | G20: 0 | H20: 0 | I20: 0 | J20: 0
A21: 2101199 | D21: 其他行政事业单位医疗支出 | E21: 2417.34 | F21: 2417.34 | G21: 0 | H21: 0 | I21: 0 | J21: 0
... A24: 2296006 | D24: 用于残疾人事业的彩票公益金支出 | E24: 884639.78 | F24: 0 | G24: 884639.78 | H24: 0 | I24: 0 | J24: 0
A26: 注：本表反映本年度各项支出情况。

Sheet GK04财政拨款收入支出决算表
A1: 财政拨款收入支出决算表
I2: 公开04表
A3: =GK01收入支出决算表!A3 -> 部门：新平彝族傣族自治县残疾人联合会 | I3: 金额单位：元
A4: 收 入 | D4: 支 出
A5: 项 目 | B5: 行次 | C5: 决算数 | D5: 项目（按功能分类） | E5: 行次 | F5: 合计 | G5: 一般公共预算财政拨款 | H5: 政府性基金预算财政拨款 | I5: 国有资本经营预算财政拨款
F6: 小计 | G6: 一般公共预算财政拨款
A7: 栏 次 | C7: 1 | D7: 栏 次 | F7: 2 | G7: 3 | H7: 4 | I7: 5
A8: 一、一般公共预算财政拨款 | B8: 1 | C8: 6996049.8 | D8: 一、一般公共服务支出 | E8: 33 | F8: 0 | G8: 0 | H8: 0
A9: 二、政府性基金预算财政拨款 | B9: 2 | C9: 963856.9 | D9: 二、外交支出 | E9: 34 | F9: 0 | G9: 0 | H9: 0
A10: 三、国有资本经营预算财政拨款 | B10: 3 | C10: 0 | D10: 三、国防支出 | E10: 35 | F10: 0 | G10: 0 | H10: 0
B11: 4 | D11: 四、公共安全支出 | E11: 36 | F11: 0 | G11: 0 | H11: 0
B12: 5 | D12: 五、教育支出 | E12: 37 | F12: 0 | G12: 0 | H12: 0
B13: 6 | D13: 六、科学技术支出 | E13: 38 | F13: 0 | G13: 0 | H13: 0
B14: 7 | D14: 七、文化旅游体育与传媒支出 | E14: 39 | F14: 0 | G14: 0 | H14: 0
B15: 8 | D15: 八、社会保障和就业支出 | E15: 40 | F15: 6597060 | G15: 6597060 | H15: 0
B16: 9 | D16: 九、卫生健康支出 | E16: 41 | F16: 194457.72 | G16: 194457.72 | H16: 0
B17: 10 | D17: 十、节能环保支出 | E17: 42 | F17: 0 | G17: 0 | H17: 0
B18: 11 | D18: 十一、城乡社区支出 | E18: 43 | F18: 0 | G18: 0 | H18: 0
B19: 12 | D19: 十二、农林水支出 | E19: 44 | F19: 0 | G19: 0 | H19: 0
B20: 13 | D20: 十三、交通运输支出 | E20: 45 | F20: 0 | G20: 0 | H20: 0
B21: 14 | D21: 十四、资源勘探工业信息等支出 | E21: 46 | F21: 0 | G21: 0 | H21: 0
B22: 15 | D22: 十五、商业服务业等支出 | E22: 47 | F22: 0 | G22: 0 | H22: 0
... B33: 26 | D33: 二十六、抗疫特别国债安排的支出 | E33: 58 | F33: 0 | G33: 0 | H33: 0
A34: 本年收入合计 | B34: 27 | C34: 7959906.7 | D34: 本年支出合计 | E34: 59 | F34: 7959906.7 | G34: 6996049.8 | H34: 963856.9
A35: 年初财政拨款结转和结余 | B35: 28 | C35: 0 | D35: 年末财政拨款结转和结余 | E35: 60 | F35: 0 | G35: 0 | H35: 0
A36: 一、一般公共预算财政拨款 | B36: 29 | C36: 0 | E36: 61
A37: 二、政府性基金预算财政拨款 | B37: 30 | C37: 0 | E37: 62
A38: 三、国有资本经营预算财政拨款 | B38: 31 | C38: 0 | E38: 63
A39: 总计 | B39: 32 | C39: 7959906.7 | D39: 总计 | E39: 64 | F39: 7959906.7 | G39: 6996049.8 | H39: 963856.9
A40: 注：本表反映本年度一般公共预算财政拨款、政府性基金预算财政拨款和国有资本经营预算的总收支和年初、年末结转结余情况。

Sheet GK05一般公共预算财政拨款收入支出决算表
A1: 一般公共预算财政拨款收入支出决算表
S2: 公开05表
A3: =GK01收入支出决算表!A3 -> 部门：新平彝族傣族自治县残疾人联合会 | S3: 单位：元
A4: 项目 | E4: 年初结转和结余 | H4: 本年收入 | K4: 本年支出 | P4: 年末结转和结余
A5: 支出功能分类科目编码 | D5: 科目名称 | E5: 合计 | F5: 基本支出结转 | G5: 项目支出结转和结余 | H5: 合计 | I5: 基本支出 | J5: 项目支出 | K5: 合计 | L5: 基本支出 | N5: 基本支出 | O5: 项目支出 | P5: 合计 | Q5: 基本支出结转 | R5: 项目支出结转和结余 | S5: 项目支出结转和结余
G6: 小计 | I6: 公用经费 | J6: 小计 | L6: 小计 | M6: 人员经费 | N6: 公用经费 | O6: 小计 | R6: 小计 | S6: 项目支出结转 | T6: 项目支出结余
A8: 类 | B8: 款 | C8: 项 | D8: 栏次 | E8: 1 | F8: 2 | G8: 3 | H8: 4 | I8: 5 | J8: 6 | K8: 7 | L8: 8 | M8: 9 | N8: 10 | O8: 11 | P8: 12 | Q8: 13 | R8: 14 | S8: 15 | T8: 16
D9: 合计 | E9: =SUM(E10:E22) -> 0 | F9: =SUM(F10:F22) -> 0 | G9: =SUM(G10:G22) -> 0 | H9: =SUM(H10:H22) -> 6996049.8 | I9: =SUM(I10:I22) -> 2183446.9 | J9: =SUM(J10:J22) -> 4812602.8 | K9: =SUM(K10:K22) -> 6996049.8 | L9: =SUM(L10:L22) -> 2183446.9 | ... O9: =SUM(O10:O22) -> 4812602.8
A10: 2080501 | D10: 行政单位离退休 | E10: 0 | F10: 0 | G10: 0 | H10: 2400 | I10: 2400 | J10: 0 | K10: 2400 | L10: 2400 | M10: 0 | N10: 2400 | O10: 0
A11: 2080502 | D11: 事业单位离退休 | E11: 0 | F11: 0 | G11: 0 | H11: 1200 | I11: 1200 | J11: 0 | K11: 1200 | L11: 1200 | M11: 0 | N11: 1200 | O11: 0
A12: 2080505 | D12: 机关事业单位基本养老保险缴费支出 | E12: 0 | F12: 0 | G12: 0 | H12: 235329.12 | I12: 235329.12 | J12: 0 | K12: 235329.12 | L12: 235329.12 | M12: 235329.12 | N12: 0 | O12: 0
A13: 2080801 | D13: 死亡抚恤 | E13: 0 | F13: 0 | G13: 0 | H13: 268253.4 | I13: 0 | J13: 268253.4 | K13: 268253.4 | L13: 0 | M13: 0 | N13: 0 | O13: 268253.4
A14: 2081101 | D14: 行政运行 | E14: 0 | F14: 0 | G14: 0 | H14: 1545528.1 | I14: 1545528.1 | J14: 0 | K14: 1545528.1 | L14: 1545528.1 | M14: 1413180 | N14: 132348.06 | O14: 0
A15: 2081104 | D15: 残疾人康复 | E15: 0 | F15: 0 | G15: 0 | H15: 689345.81 | I15: 0 | J15: 689345.81 | K15: 689345.81 | L15: 0 | M15: 0 | N15: 0 | O15: 689345.81
A16: 2081105 | D16: 残疾人就业 | E16: 0 | F16: 0 | G16: 0 | H16: 3441008 | I16: 0 | J16: 3441008 | K16: 3441008 | L16: 0 | M16: 0 | N16: 0 | O16: 3441008
A17: 2081199 | D17: 其他残疾人事业支出 | E17: 0 | F17: 0 | G17: 0 | H17: 413995.6 | I17: 0 | J17: 413995.6 | K17: 413995.6 | L17: 0 | M17: 0 | N17: 0 | O17: 413995.6
A18: 2101101 | D18: 行政单位医疗 | E18: 0 | F18: 0 | G18: 0 | H18: 104906.18 | I18: 104906.18 | J18: 0 | K18: 104906.18 | L18: 104906.18 | M18: 104906.18 | N18: 0 | O18: 0
A19: 2101102 | D19: 事业单位医疗 | E19: 0 | F19: 0 | G19: 0 | H19: 3177 | I19: 3177 | J19: 0 | K19: 3177 | L19: 3177 | M19: 3177 | N19: 0 | O19: 0
A20: 2101103 | D20: 公务员医疗补助 | E20: 0 | F20: 0 | G20: 0 | H20: 83957.2 | I20: 83957.2 | J20: 0 | K20: 83957.2 | L20: 83957.2 | M20: 83957.2 | N20: 0 | O20: 0
A21: 2101199 | D21: 其他行政事业单位医疗支出 | E21: 0 | F21: 0 | G21: 0 | H21: 2417.34 | I21: 2417.34 | J21: 0 | K21: 2417.34 | L21: 2417.34 | M21: 2417.34 | N21: 0 | O21: 0
A22: 2210201 | D22: 住房公积金 | E22: 0 | F22: 0 | G22: 0 | H22: 204532 | I22: 204532 | J22: 0 | K22: 204532 | L22: 204532 | M22: 204532 | N22: 0 | O22: 0
A24: 注：本表反映本年度一般公共预算财政拨款的收支和年初、年末结转结余情况。

Sheet GK06一般公共预算财政拨款基本支出决算表
A1: 一般公共预算财政拨款基本支出决算表
H2: 公开06表
A3: =GK01收入支出决算表!A3 -> 部门：新平彝族傣族自治县残疾人联合会 | H3: 单位：元
A4: 人员经费 | D4: 公用经费
A5: 科目编码 | B5: 科目名称 | C5: 金额 | D5: 科目编码 | E5: 科目名称 | F5: 金额 | G5: 科目编码 | H5: 科目名称 | I5: 金额
A7: 301 | B7: 工资福利支出 | C7: 2042098.9 | D7: 302 | E7: 商品和服务支出 | F7: 135948.06 | G7: 310 | H7: 资本性支出
A8: 30101 | B8: 基本工资 | C8: 544570 | D8: 30201 | E8: 办公费 | F8: 9779.32 | G8: 31001 | H8: 房屋建筑物购建
A9: 30102 | B9: 津贴补贴 | C9: 290538 | D9: 30202 | E9: 印刷费 | F9: 0 | G9: 31002 | H9: 办公设备购置
A10: 30103 | B10: 奖金 | C10: 124519 | D10: 30204 | E10: 手续费 | F10: 0 | G10: 31003 | H10: 专用设备购置
A11: 30106 | B11: 伙食补助费 | C11: 0 | D11: 30205 | E11: 水费 | F11: 720.3 | G11: 31005 | H11: 基础设施建设
A12: 30107 | B12: 绩效工资 | C12: 442502 | D12: 30206 | E12: 电费 | F12: 800.24 | G12: 31006 | H12: 大型修缮
A13: 30108 | B13: 机关事业单位基本养老保险缴费 | C13: 235329.12 | D13: 30207 | E13: 邮电费 | F13: 4980 | G13: 31007 | H13: 信息网络及软件购置更新
A14: 30109 | B14: 职业年金缴费 | C14: 0 | D14: 30208 | E14: 取暖费 | F14: 0 | G14: 31008 | H14: 物资储备
A15: 30110 | B15: 职工基本医疗保险缴费 | C15: 108083.18 | D15: 30209 | E15: 物业管理费 | F15: 0 | G15: 31009 | H15: 土地补偿
A16: 30111 | B16: 公务员医疗补助缴费 | C16: 83957.2 | D16: 30211 | E16: 差旅费 | F16: 11636 | G16: 31010 | H16: 安置补助
A17: 30112 | B17: 其他社会保障缴费 | C17: 8068.38 | D17: 30212 | E17: 因公出国（境）费用 | F17: 0 | G17: 31011 | H17: 地上附着物和青苗补偿
A18: 30113 | B18: 住房公积金 | C18: 204532 | D18: 30213 | E18: 维修(护)费 | F18: 0 | G18: 31012 | H18: 拆迁补偿
... A33: 30399 | B33: 其他个人和家庭的补助支出 | C33: 0 | D33: 30299 | E33: 其他商品和服务支出 | F33: 3600 | G33: 39908 | H33: 对民间非营利组织和群众性自治组织补贴
D34: 307 | E34: 债务利息及费用支出 | F34: 0 | G34: 39909 | H34: 经常性赠与
D35: 30701 | E35: 国内债务付息 | F35: 0 | G35: 39910 | H35: 资本性赠与
D36: 30702 | E36: 国外债务付息 | F36: 0 | G36: 39999 | H36: 其他支出
D37: 30703 | E37: 国内债务发行费用 | F37: 0
D38: 30704 | E38: 国外债务发行费用 | F38: 0
A39: 人员经费合计 | C39: 2047498.9 | D39: 公用经费合计 | I39: 135948.06
A40: 注：本表反映本年度一般公共预算财政拨款基本支出经济分类支出情况。

Sheet GK07一般公共预算财政拨款项目支出决算表
A1: 一般公共预算财政拨款项目支出决算表
L2: 公开07表
A3: =GK01收入支出决算表!A3 -> 部门：新平彝族傣族自治县残疾人联合会 | L3: 金额单位：元
A4: 项目经费 | D4: 公用经费
A5: 科目编码 | B5: 科目名称 | C5: 金额 | D5: 科目编码 | E5: 科目名称 | F5: 金额 | G5: 科目编码 | H5: 科目名称 | I5: 金额 | J5: 科目编码 | K5: 科目名称 | L5: 金额
A6: 301 | B6: 工资福利支出 | C6: 0 | D6: 302 | E6: 商品和服务支出 | F6: 2431849.4 | G6: 309 | H6: 资本性支出（基本建设） | J6: 311 | K6: 对企业补助（基本建设）
A7: 30101 | B7: 基本工资 | C7: 0 | D7: 30201 | E7: 办公费 | F7: 16594.9 | G7: 30901 | H7: 房屋建筑物购建 | J7: 31101 | K7: 资本金注入（基本建设）
A8: 30102 | B8: 津贴补贴 | C8: 0 | D8: 30202 | E8: 印刷费 | F8: 0 | G8: 30902 | H8: 办公设备购置 | J8: 31199 | K8: 其他对企业补助
A9: 30103 | B9: 奖金 | C9: 0 | D9: 30204 | E9: 手续费 | F9: 0 | G9: 30903 | H9: 专用设备购置 | J9: 312 | K9: 对企业补助
A10: 30106 | B10: 伙食补助费 | C10: 0 | D10: 30205 | E10: 水费 | F10: 0 | G10: 30905 | H10: 基础设施建设 | J10: 31201 | K10: 资本金注入
A11: 30107 | B11: 绩效工资 | C11: 0 | D11: 30206 | E11: 电费 | F11: 0 | G11: 30906 | H11: 大型修缮 | J11: 31203 | K11: 政府投资基金股权投资
A12: 30108 | B12: 机关事业单位基本养老保险缴费 | C12: 0 | D12: 30207 | E12: 邮电费 | F12: 0 | G12: 30907 | H12: 信息网络及软件购置更新 | J12: 31204 | K12: 费用补贴
A13: 30109 | B13: 职业年金缴费 | C13: 0 | D13: 30208 | E13: 取暖费 | F13: 0 | G13: 30908 | H13: 物资储备 | J13: 31205 | K13: 利息补贴
A14: 30110 | B14: 职工基本医疗保险缴费 | C14: 0 | D14: 30209 | E14: 物业管理费 | F14: 0 | G14: 30913 | H14: 公务用车购置 | J14: 31206 | K14: 其他资本性补助
A15: 30111 | B15: 公务员医疗补助缴费 | C15: 0 | D15: 30211 | E15: 差旅费 | F15: 0 | G15: 30919 | H15: 其他交通工具购置 | J15: 31299 | K15: 其他对企业补助
A16: 30112 | B16: 其他社会保障缴费 | C16: 0 | D16: 30212 | E16: 因公出国（境）费用 | F16: 0 | G16: 20921 | H16: 文物和陈列品购置 | J16: 313 | K16: 对社会保障基金补助
A17: 30113 | B17: 住房公积金 | C17: 0 | D17: 30213 | E17: 维修(护)费 | F17: 0 | G17: 30922 | H17: 无形资产购置 | J17: 31302 | K17: 对社会保险基金补助
... A25: 30305 | B25: 生活补助 | C25: 561185 | D25: 30226 | E25: 劳务费 | F25: 0 | G25: 31007 | H25: 信息网络及软件购置更新 | J25: 39999 | K25: 其他支出
A26: 30306 | B26: 救济费 | C26: 120000 | D26: 30227 | E26: 委托业务费 | F26: 1997325 | G26: 31008 | H26: 物资储备
A27: 30307 | B27: 医疗费补助 | C27: 0 | D27: 30228 | E27: 工会经费 | F27: 0 | G27: 31009 | H27: 土地补偿
A28: 30308 | B28: 助学金 | C28: 0 | D28: 30229 | E28: 福利费 | F28: 0 | G28: 31010 | H28: 安置补助
A29: 30309 | B29: 奖励金 | C29: 0 | D29: 30231 | E29: 公务用车运行维护费 | F29: 0 | G29: 31011 | H29: 地上附着物和青苗补偿
A30: 30310 | B30: 个人农业生产补贴 | C30: 1440000 | D30: 30239 | E30: 其他交通费用 | F30: 0 | G30: 31012 | H30: 拆迁补偿
A31: 30311 | B31: 代缴社会保险费 | C31: 0 | D31: 30240 | E31: 税金及附加费用 | F31: 0 | G31: 31013 | H31: 公务用车购置
A32: 30399 | B32: 其他对个人和家庭的补助 | C32: 0 | D32: 30299 | E32: 其他商品和服务支出 | F32: 20028.5 | G32: 31019 | H32: 其他交通工具购置
D33: 307 | E33: 债务利息及费用支出 | F33: 0 | G33: 31021 | H33: 文物和陈列品购置
D34: 30701 | E34: 国内债务付息 | F34: 0 | G34: 31022 | H34: 无形资产购置
D35: 30702 | E35: 国外债务付息 | F35: 0 | G35: 31099 | H35: 其他资本性支出
D36: 30703 | E36: 国内债务发行费用 | F36: 0
D37: 30704 | E37: 国外债务发行费用 | F37: 0
A38: 注：本表反映本年度一般公共预算财政拨款项目支出经济分类支出情况。

Sheet GK08政府性基金预算财政拨款收入支出决算表
A1: 政府性基金预算财政拨款收入支出决算表
T2: 公开08表
A3: =GK01收入支出决算表!A3 -> 部门：新平彝族傣族自治县残疾人联合会 | T3: 单位：元
A4: 项目 | E4: 年初结转和结余 | H4: 本年收入 | K4: 本年支出 | P4: 年末结转和结余
A5: 支出功能分类科目编码 | D5: 科目名称 | E5: 合计 | F5: 基本支出结转 | G5: 项目支出结转和结余 | H5: 合计 | I5: 基本支出 | J5: 项目支出 | K5: 合计 | L5: 基本支出 | N5: 基本支出 | O5: 项目支出 | P5: 合计 | Q5: 基本支出结转 | R5: 项目支出结转和结余 | S5: 项目支出结转和结余
G6: 小计 | J6: 小计 | L6: 小计 | M6: 人员经费 | N6: 公用经费 | O6: 小计 | R6: 小计 | S6: 项目支出结转 | T6: 项目支出结余
A8: 类 | B8: 款 | C8: 项 | D8: 栏次 | E8: 1 | F8: 2 | G8: 3 | H8: 4 | I8: 5 | J8: 6 | K8: 7 | L8: 8 | M8: 9 | N8: 10 | O8: 11 | P8: 12 | Q8: 13 | R8: 14 | S8: 15 | T8: 16
D9: 合计 | E9: =SUM(E10:E11) -> 0 | F9: =SUM(F10:F11) -> 0 | G9: =SUM(G10:G11) -> 0 | H9: =SUM(H10:H11) -> 963856.9 | I9: =SUM(I10:I11) -> 0 | J9: =SUM(J10:J11) -> 963856.9 | K9: =SUM(K10:K11) -> 963856.9 | L9: =SUM(L10:L11) -> 0 | ... T9: =SUM(T10:T11) -> 0
A10: 2290403 | D10: 其他政府性基金债务收入安排的支出 | E10: 0 | F10: 0 | G10: 0 | H10: 79217.12 | I10: 0 | J10: 79217.12 | K10: 79217.12 | L10: 0 | M10: 0 | N10: 0 | O10: 79217.12 | P10: 0 | Q10: 0 | R10: 0 | S10: 0 | T10: 0
A11: 2296006 | D11: 用于残疾人事业的彩票公益金支出 | E11: 0 | F11: 0 | G11: 0 | H11: 884639.78 | I11: 0 | J11: 884639.78 | K11: 884639.78 | L11: 0 | M11: 0 | N11: 0 | O11: 884639.78 | P11: 0 | Q11: 0 | R11: 0 | S11: 0 | T11: 0
A12: 注：本表反映本年度政府性基金预算财政拨款的收支和年初、年末结转结余情况。

Sheet GK09国有资本经营预算财政拨款收入支出决算表
A1: 国有资本经营预算财政拨款收入支出决算表
L2: 公开09表
A3: =GK01收入支出决算表!A3 -> 部门：新平彝族傣族自治县残疾人联合会 | L3: 单位：元
A4: 项目 | E4: 年初结转和结余 | H4: 本年收入 | I4: 本年支出 | J4: 年末结转和结余
A5: 支出功能分类科目编码 | D5: 科目名称 | E5: 合计 | F5: 结转 | G5: 结余 | J5: 合计 | K5: 结转 | L5: 结余
L6: 项目支出结转
A8: 类 | B8: 款 | C8: 项 | D8: 栏次 | E8: 1 | F8: 2 | G8: 3 | H8: 4 | I8: 5 | J8: 6 | K8: 7 | L8: 8
D9: 合计
A11: 注：本表反映本年度国有资本经营预算财政拨款的收支和年初、年末结转结余情况。
A12: 备注：本部门2025年度无国有资本经营预算财政拨款收入支出，《国有资本经营预算财政拨款收入支出决算表》为空表。

Sheet GK10财政拨款“三公”经费、行政参公单位机关运行经费情况表
A1: 财政拨款“三公”经费、行政参公单位机关运行经费情况表
E2: 公开10表
A3: =GK01收入支出决算表!A3 -> 部门：新平彝族傣族自治县残疾人联合会 | E3: 单位：元
A4: 项 目 | B4: 行次 | C4: 预算数 | D4: 全年预算数 | E4: 决算统计数
A5: 栏 次 | C5: 1 | D5: 2 | E5: 3
A6: 一、“三公”经费支出 | B6: 1 | C6: — | D6: — | E6: —
A7: （一）支出合计 | B7: 2 | C7: 36000 | D7: 32556.74 | E7: 32556.74
A8: 1．因公出国（境）费用 | B8: 3 | C8: 0 | D8: 0 | E8: 0
A9: 2．公务用车购置及运行维护费 | B9: 4 | C9: 29000 | D9: 26260.74 | E9: 26260.74
A10: （1）公务用车购置费 | B10: 5 | C10: 0 | D10: 0 | E10: 0
A11: （2）公务用车运行维护费 | B11: 6 | C11: 29000 | D11: 26260.74 | E11: 26260.74
A12: 3．公务接待费 | B12: 7 | C12: 7000 | D12: 6296 | E12: 6296
A13: （1）国内接待费 | B13: 8 | C13: — | D13: — | E13: 6296
A14: 其中：外事接待费 | B14: 9 | C14: — | D14: — | E14: 0
A15: （2）国（境）外接待费 | B15: 10 | C15: — | D15: — | E15: 0
A16: （二）相关统计数 | B16: 11 | C16: — | D16: — | E16: —
A17: 1．因公出国（境）团组数（个） | B17: 12 | C17: — | D17: — | E17: 0
A18: 2．因公出国（境）人次数（人） | B18: 13 | C18: — | D18: — | E18: 0
A19: 3．公务用车购置数（辆） | B19: 14 | C19: — | D19: — | E19: 0
A20: 4．公务用车保有量（辆） | B20: 15 | C20: — | D20: — | E20: 1
A21: 5．国内公务接待批次（个） | B21: 16 | C21: — | D21: — | E21: 11
A22: 其中：外事接待批次（个） | B22: 17 | C22: — | D22: — | E22: 0
A23: 6．国内公务接待人次（人） | B23: 18 | C23: — | D23: — | E23: 83
A24: 其中：外事接待人次（人） | B24: 19 | C24: — | D24: — | E24: 0
A25: 7．国（境）外公务接待批次（个） | B25: 20 | C25: — | D25: — | E25: 0
A26: 8．国（境）外公务接待人次（人） | B26: 21 | C26: — | D26: — | E26: 0
A27: 二、机关运行经费 | B27: 22 | C27: — | D27: — | E27: 135948.06
A28: （一）行政单位 | B28: 23 | C28: — | D28: — | E28: 0
A29: （二）参照公务员法管理事业单位 | B29: 24 | C29: — | D29: — | E29: 135948.06
A30: 注：1．财政拨款“三公”经费为单位使用一般公共预算、政府性基金和国有资本经营预算安排的支出，包括当年财政拨款和以前年度财政拨款结转结余资金安排的实际支出。“三公”经费相关统计数是指使用财政拨款负担费用的相关批次、人次及车辆情况。
A31: 2．“机关运行经费”填列行政单位和参照公务员法管理的事业单位财政拨款基本支出中的公用经费支出。

Sheet GK11一般公共预算财政拨款“三公”经费情况表
A1: 一般公共预算财政拨款“三公”经费情况表
E2: 公开11表
A3: =GK01收入支出决算表!A3 -> 部门：新平彝族傣族自治县残疾人联合会 | E3: 单位：元
A4: 项 目 | B4: 行次 | C4: 预算数 | D4: 全年预算数 | E4: 决算统计数
A5: 栏 次 | C5: 1 | D5: 2 | E5: 3
A6: “三公”经费支出 | B6: 1 | C6: — | D6: — | E6: —
A7: （一）支出合计 | B7: 2 | C7: 36000 | D7: 32556.74 | E7: 32556.74
A8: 1．因公出国（境）费用 | B8: 3 | C8: 0 | D8: 0 | E8: 0
A9: 2．公务用车购置及运行维护费 | B9: 4 | C9: 29000 | D9: 26260.74 | E9: 26260.74
A10: （1）公务用车购置费 | B10: 5 | C10: 0 | D10: 0 | E10: 0
A11: （2）公务用车运行维护费 | B11: 6 | C11: 29000 | D11: 26260.74 | E11: 26260.74
A12: 3．公务接待费 | B12: 7 | C12: 7000 | D12: 6296 | E12: 6296
A13: （1）国内接待费 | B13: 8 | C13: — | D13: — | E13: 6296
A14: 其中：外事接待费 | B14: 9 | C14: — | D14: — | E14: 0
A15: （2）国（境）外接待费 | B15: 10 | C15: — | D15: — | E15: 0
A16: （二）相关统计数 | B16: 11 | C16: — | D16: — | E16: —
A17: 1．因公出国（境）团组数（个） | B17: 12 | C17: — | D17: — | E17: 0
A18: 2．因公出国（境）人次数（人） | B18: 13 | C18: — | D18: — | E18: 0
A19: 3．公务用车购置数（辆） | B19: 14 | C19: — | D19: — | E19: 0
A20: 4．公务用车保有量（辆） | B20: 15 | C20: — | D20: — | E20: 1
A21: 5．国内公务接待批次（个） | B21: 16 | C21: — | D21: — | E21: 11
A22: 其中：外事接待批次（个） | B22: 17 | C22: — | D22: — | E22: 0
A23: 6．国内公务接待人次（人） | B23: 18 | C23: — | D23: — | E23: 83
A24: 其中：外事接待人次（人） | B24: 19 | C24: — | D24: — | E24: 0
A25: 7．国（境）外公务接待批次（个） | B25: 20 | C25: — | D25: — | E25: 0
A26: 8．国（境）外公务接待人次（人） | B26: 21 | C26: — | D26: — | E26: 0
A27: 注：本表所列“三公”经费为单位使用一般公共预算财政拨款安排的支出，包括当年一般公共预算财政拨款和以前年度一般公共预算财政拨款结转结余资金安排的实际支出。“三公”经费相关统计数是指使用一般公共预算财政拨款负担费用的相关批次、人次及车辆情况。

Sheet GK12国有资产使用情况表
A1: 国有资产使用情况表
U2: 公开12表
A3: =GK01收入支出决算表!A3 -> 部门：新平彝族傣族自治县残疾人联合会 | U3: 金额单位：元
A4: 项目 | B4: 行次 | C4: 资产总额 | D4: 资产原值合计 | E4: 流动资产 | F4: 固定资产 | P4: 对外投资/有价证券 | Q4: 在建工程 | R4: 无形资产 | T4: 其他资产
F5: 小计 | H5: 房屋构筑物 | J5: 车辆 | L5: 单价200万以上 大型设备 | N5: 其他固定资产
F6: 原值 | G6: 净值 | H6: 原值 | I6: 净值 | J6: 原值 | K6: 净值 | L6: 原值 | M6: 净值 | N6: 原值 | O6: 净值 | R6: 原值 | S6: 净值 | T6: 原值 | U6: 净值
A7: 栏次 | C7: 1 | D7: 2 | E7: 3 | F7: 4 | G7: 5 | H7: 6 | I7: 7 | J7: 8 | K7: 9 | L7: 10 | M7: 11 | N7: 12 | O7: 13 | P7: 14 | Q7: 15 | R7: 16 | S7: 17 | T7: 18 | U7: 19
A8: 合计 | B8: 1 | C8: =E8+G8 -> 783730.56 | D8: =E8+F8 -> 1845781.8 | E8: 20693.78 | F8: =H8+J8+L8+N8 -> 1825088.1 | G8: =I8+K8+M8+O8 -> 763036.78 | H8: 1187659 | I8: 688842.63 | J8: 165121.71 | K8: 0 | N8: 472307.36 | O8: 74194.15
A9: 注：1.资产总额＝流动资产＋固定资产（净值）＋对外投资／有价证券＋在建工程＋无形资产（净值）＋其他资产（净值）； 2.资产原值合计=流动资产＋固定资产（原值）＋对外投资／有价证券＋在建工程＋无形资产（原值）＋其他资产（原值）；

Sheet GK13部门整体支出绩效自评情况
A1: 2025年度部门整体支出绩效自评情况
D2: 公开13表
A3: 一、部门基本情况 | B3: （一）部门概况 | D3: 新平县残疾人联合会是中国残疾人联合会的地方组织，是经县政府批准和国家法律确认的将残疾人自身代表组织、社会福利团体和事业管理机构融为一体的综合性事业团体。是党和政府联系广大残疾人的桥梁和纽带。2025年末部门共设置2个内设机构，分别是：办公室、综合股。所属单位1个，是：新平彝族傣族自治县残疾人劳动服务所。2025年12月，部门在职人员编制11人，其中：行政编制0人，工勤人员编制1人，事业编制10人。在职实有10人，其中：财政全额保障10人，财政差额补助0人，财政专户资金、单位资金保障0人。离退休人员11人，其中：离休0人，退休11人。车辆编制2辆，实有车辆1辆，超编0辆。
B4: （二）部门绩效目标的设立情况 | D4: 部门绩效目标设置涉及13方面内容，分别是：1.完成残疾人辅助器具适配200件；2.完成重度精神病免费救助100人次；3.完成精神病卫生综合管理防控100人次；4.完成盲人按摩机构规范化建设12户；5.为1350名残疾人免费开展各类残疾人就业技能、岗位技能、稳岗培训和实用技术培训；6.完成“春节”“助残日”走访慰问贫困残疾人家庭300户；7.发放残疾人专职委员生活补助124人次；8.完成档案数字化管理录入500条；9.残疾人评定补贴800人次；10.完成全国残疾人基本服务状况和需求信息数据动态更新14607人次；11.完成残疾人协会活动2次；12.对完成优秀残疾人运动员、职业技能能手文艺汇演等获奖者给予表彰32人次；13.2025年县残联党支部将以“两学一做”学习教育常态化制度化、深入开展“不忘初心、牢记使命”主题教育和党史学习教育为抓手，认真开展“三会一课”、主题党日活动，深入推进“党员积分制”工作，发挥县残联职能职责，积极参与县直机关工委组织的“万名党员进党校学习”“党组织书记上讲坛”活动。
B5: （三）部门整体收支情况 | D5: 本年收入800.42万元，其中：一般公共预算财政拨款699.60万元，政府性基金预算财政拨款96.39万元，其他收入4.43万元。完成预算71.28%，主要原因是彩票公益金支持残疾人事业发展补助经费269.98万元，结转到2026年支出。与上年相比增加352.35万元，增长78.64%，其中：一般公共预算财政拨款增加348.39万元，政府性基金预算财政拨款增加4.84万元，其他收入减少0.88万元。主要原因是上年残疾人就业示范基地补助、残疾人技能培训、残疾人康复经费结转至2025年支出。 本年支出800.62万元，其中：基本支出218.35万元，项目支出582.27万元。完成预算71.30%，主要原因是彩票公益金支持残疾人事业发展补助经费269.98万元，结转到2026年支出。与上年相比增加352.35万元，增长78.60%，其中：基本支出增加48.58万元，增长28.62%，主要原因：一是因人员变动，全年发放工资人次比上年增加，二是上年9—12月基本养老保险缴费、7—12月住房公积金缴费本年支出；项目支出增加303.77万元，增长109.07%，主要原因是上年残疾人就业示范基地补助、残疾人技能培训、残疾人康复经费结转至2025年支出。
B6: （四）部门预算管理制度建设情况 | D6: 严格执行《中华人民共和国预算法》《中华人民共和国会计法》《中华人民共和国政府采购法》《中华人民共和国预算法实施条例》等法律法规，并结合部门自身实际出台了《新平县残疾人联合会行政制度汇编》《新平县残疾人联合会内部控制规范》《新平县残疾人联合会预算绩效管理实施办法》《新平县残疾人联合会“三重一大”集体决策制度》等管理规定。
B7: （五）严控“三公经费”支出情况 | D7: 全年“三公”经费支出3.26万元，完成预算100.00%，比上年减少0.26万元，下降7.29%，主要原因公务出车比上年减少，车辆燃料费支出比上年减少。其中：公务用车运行维护支出2.63万元，公务用车保有量为1辆，主要用于保障残疾人扶贫、康复就业、扶持发展生产、残疾人基本状况更新、白内障复查，“春节”“助残日”慰问等所需车辆燃料费、维修费、过路过桥费、保险费等。比上年减少0.26万元，下降8.99%，主要原因公务出车比上年减少，车辆燃料费支出比上年减少。公务接待费支出0.63万元，为国内接待费，共安排国内公务接待11批次（其中：外事接待0批次），接待83人次（其中：外事接待0人次）。主要用于省市残联残疾人就业康复工作调研、“春节”“助残日”慰问、解决残疾人困难和问题等发生的接待支出。与上年一致。
A8: 二、绩效自评组织情况 | B8: （一）前期准备 | D8: 1.单位领导批示自评工作；2.业务人员收集项目相关资料。
B9: （二）组织实施 | D9: 1.业务人员计算出评价指标值；2.提交单位领导审核；3.一体化平台填报、上报。
A10: 三、评价情况分析及综合评价结论 | D10: 评价整体绩效指标设置18个，其中：数量指标13个，已完成10个，未完成3个，原因是受县财政困难因素影响，项目资金支出进行了相应的调减，预计救济、康复、托养补助人数未完成。效益指标设置4个，已完成。满意度指标1个，已完成。我单位各项惠残工作稳步推进，只是受县财政困难因素的影响，已批复项目资金不能及时支付，下步工作将积极向县财政申请项目资金支付，确保实施项目顺利完成。自评结论：优。
A11: 四、存在的问题和整改情况 | D11: 1.存在问题：县财政资金调度困难，已批复项目资金不能及时支付。2.整改措施：向县财政局提出资金支付申请，望给予及时拨付。
A12: 五、绩效自评结果应用情况 | D12: 优化下一年预算资金编制和绩效目标设置。
A13: 六、主要经验及做法 | D13: 在绩效自评工作开展过程中，我们始终坚持以预算绩效项目申报材料为指引，认真钻研学习相关政策要求和申报规范，紧密结合本部门工作实际，科学合理设定部门绩效目标，精准找准项目评价指标，明确评价标准、细化评价流程，为绩效自评工作的顺利推进提供了坚实保障，确保自评工作有序开展、取得实效。
A14: 七、其他需说明的情况 | D14: 惠残资金主要用于保障残疾人创业就业、教育提升、生产发展、生活救助等相关支出，直接关系到残疾人群众的切身利益，更是维护社会和谐稳定、促进社会公平正义的重要举措。恳请县财政部门给予积极的资金支持，及时足额拨付相关惠残资金，严格做到资金不拖欠、使用不滞后，切实保障残疾人各项相关权益，推动残疾人事业持续健康发展。

Sheet GK14部门整体支出绩效自评表
A1: 2025年度部门整体支出绩效自评表
J2: 公开14表
A3: 基本信息
A4: 部门名称
A5: 部门预算资金(万元) | C5: 项目年度支出 | E5: 年初预算数 | F5: 预算调整数（调增为“+”；调减为“-”） | G5: 预算确定数 | H5: 执行数（系统提取） | I5: 执行率(%) | J5: 情况说明
C6: 年度资金总额 | E6: 1122.89 | F6: -56.93 | G6: 1065.96 | H6: 795.98 | I6: 74.67 | J6: 部门整体资金支出率为74.67%，主要原因是受县财政困难因素影响，彩票公益金支持残疾人事业发展补助经费269.98万元，结转到2026年支出。
C7: 基本支出 | D7: 年度资金总额 | E7: 185.12 | F7: 32.82 | G7: 217.94 | H7: 217.94 | I7: 100
C8: 项目支出 | D8: 年度资金总额 | E8: 937.77 | F8: -89.75 | G8: 848.02 | H8: 578.04 | I8: 68.16
D9: 其中：当年财政拨款 | E9: 557.3 | F9: -39.26 | G9: 518.04 | H9: 312.01 | I9: 60.23
D10: 上年结转资金 | E10: 6 | F10: -6 | G10: 0 | H10: 0 | I10: 0
D11: 非财政拨款 | E11: 374.47 | F11: -44.49 | G11: 329.98 | H11: 266.03 | I11: 80.62
A12: 部门年度目标 | C12: 部门绩效目标设置涉及13方面内容，分别是：1.完成残疾人辅助器具适配200件；2.完成重度精神病免费救助100人次；3.完成精神病卫生综合管理防控100人次；4.完成盲人按摩机构规范化建设12户；5.为1350名残疾人免费开展各类残疾人就业技能、岗位技能、稳岗培训和实用技术培训；6.完成“春节”“助残日”走访慰问贫困残疾人家庭300户；7.发放残疾人专职委员生活补助124人次；8.完成档案数字化管理录入500条；9.残疾人评定补贴800人次；10.完成全国残疾人基本服务状况和需求信息数据动态更新14607人次；11.完成残疾人协会活动2次；12.对完成优秀残疾人运动员、职业技能能手文艺汇演等获奖者给予表彰32人次；13.2025年县残联党支部将以“两学一做”学习教育制度化常态化、深入开展“不忘初心、牢记使命”主题教育和党史学习教育为抓手，认真开展“三会一课”、主题党日活动，深入推进“党员积分制”工作，发挥县残联职能职责，积极参与县直机关工委组织的“万名党员进党校学习”“党组织书记上讲坛”活动。
A14: 部门整体支出绩效指标
A15: 绩效指标 | D15: 指标性质 | E15: 指标值 | F15: 度量单位 | G15: 实际完成值 | H15: 偏差原因分析及改进措施
A16: 一级指标 | B16: 二级指标 | C16: 三级指标
A17: 产出指标 | B17: 数量指标 | C17: 慰问贫困残疾人家庭数 | D17: >= | E17: 300 | F17: 人(人次、家) | G17: 374 | H17: 无偏差。
C18: 残疾人专职委员人数 | D18: = | E18: 124 | F18: 人 | G18: 124 | H18: 无偏差。
C19: 贫困残疾人临时救助户数 | D19: >= | E19: 110 | F19: 人(户) | G19: 72 | H19: 受县财政困难因素影响，项目资金支出进行了相应的调减，预计补助人数未完成。下一步：积极加强与县财政业务对接工作，准确编报项目绩效。
C20: 残疾儿童康复救助人数 | D20: >= | E20: 300 | F20: 人次 | G20: 71 | H20: 受县财政困难因素影响，项目资金支出进行了相应的调减，预计补助人数未完成。下一步：积极加强与县财政业务对接工作，准确编报项目绩效。
C21: “阳光家园计划”托养服务 | D21: >= | E21: 350 | F21: 户 | G21: 130 | H21: 受县财政困难因素影响，项目资金支出进行了相应的调减，预计数未完成。下一步：积极加强与县财政业务对接工作，准确编报项目绩效。
C22: 残疾人基本辅具适配 | D22: >= | E22: 500 | F22: 件 | G22: 509 | H22: 无偏差。
C23: 精神病人免费救助 | D23: >= | E23: 100 | F23: 人次 | G23: 194 | H23: 无偏差。
C24: 残疾人技能培训 | D24: >= | E24: 800 | F24: 人次 | G24: 1167 | H24: 无偏差。
C25: 残疾人创业就业扶持行动项目 | D25: >= | E25: 200 | F25: 人(户) | G25: 200 | H25: 无偏差。
B26: 质量指标 | C26: 获补对象准确率 | D26: >= | E26: 95 | F26: % | G26: 100 | H26: 无偏差。
C27: 补助事项公示度 | D27: >= | E27: 90 | F27: % | G27: 100 | H27: 无偏差。
C28: 培训合格率 | D28: >= | E28: 90 | F28: % | G28: 100 | H28: 无偏差。
B29: 时效指标 | C29: 发放及时率 | D29: >= | E29: 90 | F29: % | G29: 100 | H29: 无偏差。
A30: 效益指标 | B30: 经济效益 | C30: 服务对象生活水平有所改善 | D30: >= | E30: 85 | F30: 上升 | G30: 85 | H30: 无偏差。
B31: 社会效益 | C31: 政策知晓率 | D31: >= | E31: 90 | F31: % | G31: 90 | H31: 无偏差。
C32: 生活状况改善 | D32: = | E32: 有所改善 | F32: 上升 | G32: 有所改善 | H32: 无偏差。
C33: 残疾人获得幸福感 | D33: >= | E33: 90 | F33: % | G33: 90 | H33: 无偏差。
A34: 满意度指标 | B34: 服务对象满意度 | C34: 受益对象满意度 | D34: >= | E34: 90 | F34: % | G34: 100 | H34: 无偏差。
A35: 其他需说明事项 | B35: 无。

Sheet GK15项目支出绩效自评表1
A1: 2025年度项目支出绩效自评表
L2: 公开15表-1
A3: 项目名称 | C3: 残疾人康复项目专项资金
A4: 主管部门 | C4: 新平彝族傣族自治县残疾人联合会 | H4: 实施单位 | I4: 新平彝族傣族自治县残疾人联合会
A5: 项目资金 （万元） | D5: 年初预算数 | F5: 全年预算数 | H5: 全年执行数 | I5: 分值 | J5: 执行率 | K5: 得分 | L5: 备注
C6: 年度资金总额 | D6: 129 | F6: 37.93 | H6: 37.93 | I6: 10 | J6: 100 | K6: 10
C7: 其中：财政拨款 | D7: 129 | F7: 6.93 | H7: 6.93 | J7: 100
C8: 上年结转资金 | D8: 0 | F8: 31 | H8: 31 | J8: 100
C9: 非财政拨款 | D9: 0 | F9: 0 | H9: 0 | J9: 0
A10: 年度 总体 目标 | B10: 预期目标 | H10: 实际完成情况
B11: 一是完成居家托养项目，为160名智力、精神和重度肢体残疾人提供居家托养服务。中央“阳光家园”任务数100人，“市级阳光家园”任务数60人；二是残疾儿童康复训练项目，为40名残疾儿童提供视功能、定向行走、感知觉补偿训练，家长康复知识培训及家庭康复训练指导、心理疏导、康复咨询，听觉言语功能训练，沟通和社交能力、生活自理能力、情绪和行为调控等训练；三是精神残疾人免费治疗项目，为严重精神障碍患者提供规范的医疗、康复和救助服务，减少严重精神障碍患者肇事肇祸事件的发生，维护社会和谐稳定，2025年免费服药200人、免费住院救助150人，做好12个乡镇街道精神卫生综合管理工作；四是辅助器具适配项目，辅助器具是帮助残疾人补偿和改善功能、提高生存质量、增强社会参与能力最直接有效的手段之一，在残疾人康复、教育、就业和日常生活等方面具有不可替代的作用，辅助器具适配是残疾人民生保障的重要内容，2025年将采购1000件纸尿裤发放给我县两便失禁、失去行走能力和生活能力、终身与病榻和轮椅为伴的重度肢体残疾人，为10个肢体残疾人员装配假肢，将基本辅助器具600件发放给有需求的残疾人，解决残疾人的需求；五是残疾人精准康复项目，为进一步加强和改进残疾人精准康复及基本康复服务，实现残疾人普遍享有基本康复服务的目标，加快推进残疾人小康进程，2025年将为1200名残疾人实施精准康复服务。 | H11: 一是完成精神残疾人免费治疗194人；二是完成“阳光家园”居家托养130人；三是完成肢体残疾人员装配假肢10人；四是完成残疾儿童康复救助71人；五是完成残疾人基本辅助器具适配509件；六是2025年精准康复服务人数3708人。
A13: 项目支出绩效指标表
A14: 绩效指标 | E14: 年度指标值 | H14: 指标完成情况
A15: 一级 指标 | C15: 二级指标 | D15: 三级指标 | E15: 指标性质 | F15: 指标值 | G15: 度量单位 | H15: 实际完成值 | I15: 分值 | J15: 得分 | K15: 偏差原因分析及改进措施
A16: 产出指标 | C16: 数量指标 | D16: 精准康复服务人数 | E16: >= | F16: 1200 | G16: 人 | H16: 3708 | I16: 5 | J16: 5 | K16: 无偏差。
D17: 基本辅助器具适配 | E17: >= | F17: 250 | G17: 个（套、台、件） | H17: 509 | I17: 5 | J17: 5 | K17: 无偏差。
D18: 残疾儿童康复救助 | E18: >= | F18: 20 | G18: 人次 | H18: 71 | I18: 5 | J18: 5 | K18: 无偏差。
D19: “阳光家园计划”托养服务 | E19: >= | F19: 35 | G19: 人次 | H19: 130 | I19: 5 | J19: 5 | K19: 无偏差。
D20: 残疾人普及型假肢装配 | E20: >= | F20: 10 | G20: 人次 | H20: 10 | I20: 5 | J20: 5 | K20: 无偏差。
D21: 精神病人免费救助 | E21: >= | F21: 200 | G21: 人 | H21: 194 | I21: 5 | J21: 4 | K21: 因人员死亡导致免费救助人数小于目标值。下一步：业务人员精准掌握残疾人基本情况，尽量做到实际完成值等于目标值。
C22: 质量指标 | D22: 救助对象认定准确率 | E22: >= | F22: 95 | G22: % | H22: 100 | I22: 10 | J22: 10 | K22: 无偏差。
A23: 效益指标 | C23: 社会效益指标 | D23: 康复对象功能状况改善 | E23: = | F23: 改善 | G23: 是/否 | H23: 改善 | I23: 30 | J23: 30 | K23: 无偏差。
A24: 满意度指标 | C24: 服务对象满意度指标 | D24: 救助对象满意度 | E24: >= | F24: 95 | G24: % | H24: 100 | I24: 10 | J24: 10 | K24: 无偏差。
A25: 其他需要说明的事项 | D25: 无。
A26: 总分 | I26: 总分值 | J26: 总得分 | K26: 自评等级
I27: 100 | J27: 94 | K27: 优

Sheet GK15项目支出绩效自评表2
A1: 2025年度项目支出绩效自评表
L2: 公开15表-2
A3: 项目名称 | C3: 残疾人就业和扶贫专项资金
A4: 主管部门 | C4: 新平彝族傣族自治县残疾人联合会 | H4: 实施单位 | I4: 新平彝族傣族自治县残疾人联合会
A5: 项目资金 （万元） | D5: 年初预算数 | F5: 全年预算数 | H5: 全年执行数 | I5: 分值 | J5: 执行率 | K5: 得分 | L5: 备注
C6: 年度资金总额 | D6: 321 | F6: 209.55 | H6: 209.55 | I6: 10 | J6: 100 | K6: 10
C7: 其中：财政拨款 | D7: 321 | F7: 75 | H7: 75 | J7: 100
C8: 上年结转资金 | D8: 0 | F8: 134.55 | H8: 134.55 | J8: 100
C9: 非财政拨款 | D9: 0 | F9: 0 | H9: 0 | J9: 0
A10: 年度 总体 目标 | B10: 预期目标 | H10: 实际完成情况
B11: 一是充分发挥残疾人就业保障金促进残疾人就业的标杆作用，稳定按比例就业残疾人人数，按时完成残疾人按比例就业情况联网认证“跨省通办”相关工作。二是落实残疾人就业各项扶持政策，申报创建省级残疾人就业创业示范基地1个，残疾人创业就业示范点2个，“助残就业同奔小康”10户。三是加大“互联网+就业”、居家就业等就业扶持力度，提高残疾人转移就业组织化程度，做好高校残疾人毕业生就业“一人一策”就业服务，推动残疾人就业服务信息化、社会化、标准化，实名制录入6220条；对大学生创业就业补贴5人次、转移劳动力补助40人次；配合县级就业部门举办就业和农村劳动力转移专场招聘会1场；四是深入推进残疾人就业服务机构规范化建设，完善服务设施和服务功能，开展残疾人工作者业务培训，计划残疾人职业技能培训2期（残疾人家用电器修理一期、中式烹调一期），残疾人工作者业务培训一期；农村残疾人及家属实用技术培训25期1000人次；五是对规范化建设范围内的盲人保健按摩店进行持续稳岗保就业扶持补助，持续开展盲人按摩店行业管理及机构扶持建设，新增规范化建设1户；星级评定及维持星级评定12个；开展盲人按摩业创业提升培训一期。六是巩固拓展脱贫攻坚成果同乡村振兴有效衔接，将易返贫致贫监测范围内残疾人作为重点跟踪随访对象，扶持农村残疾人发展生产300户（其中2023年90户，2024年150户，2025年60户），贫困残疾人困难临时救济101户；七是开展春雨助学行动助学80名残疾儿童；残疾学生慰问210名，贫困大中专残疾人子女及残疾学生补助100人次。 | H11: 一是完成盲人规范化建设12个；二是完成残疾人就业服务信息化、社会化、标准化系统录入5804条；三是完成“助残就业同奔小康创业就业行动”残疾人自主创业户15户；四是完成残疾人创业就业示范基地、示范点建设2个；五是完成残疾人工作者业务培训、残疾人职业技能培训、农村残疾人及家属实用技术培训1167人次；六是扶持农村残疾人发展生产60户；七是贫困残疾人子女大中专及残疾学生救助73人；八是贫困残疾人救助72人；九是大学生创业就业补贴、转移劳动力补助72人。
A13: 项目支出绩效指标表
A14: 绩效指标 | E14: 年度指标值 | H14: 指标完成情况
A15: 一级 指标 | C15: 二级指标 | D15: 三级指标 | E15: 指标性质 | F15: 指标值 | G15: 度量单位 | H15: 实际完成值 | I15: 分值 | J15: 得分 | K15: 偏差原因分析及改进措施
A16: 产出指标 | C16: 数量指标 | D16: 盲人按摩机构规范化建设 | E16: >= | F16: 12 | G16: 个 | H16: 12 | I16: 3 | J16: 3 | K16: 无偏差。
D17: 大学生创业就业补贴、转移劳动力补助 | E17: >= | F17: 45 | G17: 人次 | H17: 72 | I17: 3 | J17: 3 | K17: 无偏差。
D18: 考取大中专贫困残疾学生及残疾人子女生活救助 | E18: >= | F18: 129 | G18: 人次 | H18: 73 | I18: 3 | J18: 2 | K18: 受县财政困难因素影响，项目资金支出进行了相应的调减，预计补助人数未完成。下一步：积极加强与县财政业务对接工作，准确编报项目支出预算。
D19: 残疾人扶持发展生产 | E19: = | F19: 300 | G19: 户 | H19: 60 | I19: 3 | J19: 1 | K19: 受县财政困难因素影响，项目资金支出进行了相应的调减，预计补助人数未完成。下一步：积极加强与县财政业务对接工作，准确编报项目支出预算。
D20: “春雨助学”项目、残疾学生慰问 | E20: >= | F20: 100 | G20: 人次 | H20: 0 | I20: 3 | J20: 0 | K20: 上级已取消项目。下一步：积极做好项目对接工作，精准编制项目绩效指标。
D21: 残疾人技能培训 | E21: >= | F21: 1000 | G21: 人次 | H21: 1167 | I21: 3 | J21: 3 | K21: 无偏差。
D22: “助残就业同奔小康创业就业行动”残疾人自主创业户 | E22: >= | F22: 10 | G22: 户 | H22: 15 | I22: 3 | J22: 3 | K22: 无偏差。
D23: 残疾人创业就业示范基地、示范点 | E23: = | F23: 2 | G23: 个 | H23: 2 | I23: 3 | J23: 3 | K23: 无偏差。
D24: 残疾人就业和职业培训实名制统计管理数据录入 | E24: >= | F24: 6520 | G24: 个（条） | H24: 5804 | I24: 3 | J24: 2 | K24: 年初预算绩效指标预估不足。下一步，加强业务学习，准确编制项目绩效指标。
D25: 贫困残疾人临时救助 | E25: = | F25: 303000 | G25: 元 | H25: 120000 | I25: 3 | J25: 1 | K25: 受县财政困难因素影响，项目资金支出进行了相应的调减。下一步：积极加强与县财政业务对接工作，准确编报项目支出预算。
C26: 质量指标 | D26: 培训合格率 | E26: >= | F26: 95 | G26: % | H26: 100 | I26: 5 | J26: 5 | K26: 无偏差。
D27: 获补对象准确率 | E27: >= | F27: 98 | G27: % | H27: 100 | I27: 5 | J27: 5 | K27: 无偏差。
C28: 时效指标 | D28: 发放及时率 | E28: >= | F28: 95 | G28: % | H28: 100 | I28: 10 | J28: 10 | K28: 无偏差。
A29: 效益指标 | C29: 社会效益指标 | D29: 残疾人事业持续发展 | E29: = | F29: 提升显著 | G29: 是/否 | H29: 提升显著 | I29: 30 | J29: 30 | K29: 无偏差。
A30: 满意度指标 | C30: 服务对象满意度指标 | D30: 受益对象满意度 | E30: >= | F30: 90 | G30: % | H30: 100 | I30: 10 | J30: 10 | K30: 无偏差。
A31: 其他需要说明的事项 | D31: 无。
A32: 总分 | I32: 总分值 | J32: 总得分 | K32: 自评等级
I33: 100 | J33: 91 | K33: 优

Sheet GK15项目支出绩效自评表3
A1: 2025年度项目支出绩效自评表
L2: 公开15表-3
A3: 项目名称 | C3: 其他残疾人事业专项资金
A4: 主管部门 | C4: 新平彝族傣族自治县残疾人联合会 | H4: 实施单位 | I4: 新平彝族傣族自治县残疾人联合会
A5: 项目资金 （万元） | D5: 年初预算数 | F5: 全年预算数 | H5: 全年执行数 | I5: 分值 | J5: 执行率 | K5: 得分 | L5: 备注
C6: 年度资金总额 | D6: 105 | F6: 29.78 | H6: 29.78 | I6: 10 | J6: 100 | K6: 10
C7: 其中：财政拨款 | D7: 105 | F7: 18.16 | H7: 18.16 | J7: 100
C8: 上年结转资金 | D8: 0 | F8: 11.62 | H8: 11.62 | J8: 100
C9: 非财政拨款 | D9: 0 | F9: 0 | H9: 0 | J9: 0
A10: 年度 总体 目标 | B10: 预期目标 | H10: 实际完成情况
B11: 一是做好“春节”“助残日”走访慰问贫困残疾人家庭460户；二是做好全县124个村（居委会）残疾人专职委员补助项目；三是做好第三代残疾人证评审及制卡项目，2025年预计新增残疾人评审2000人；四是做好新平县基层残疾人协会建设、残疾人协会活动项目，2025年计划建设协会组织1人，开展活动2期；五是做好全国残疾人基本服务状况和需求信息数据动态更新的入户核查、信息录入等工作；六是利用“全国助残日、爱耳日、爱眼日、残疾预防宣传日”等活动广泛宣传报道国家法律法规政策，倡导全社会理解、尊重、关心、帮助残疾人，激励残疾人发扬自尊、自信、自强、自立精神；七是做好残疾人信访、贫困残疾人评定补贴实施项目；八是做好残疾人联合会所属残疾人就业服务机构建设工作，更好地服务残疾人，使残疾人事业得到更好的发展。 | H11: 一是完成“春节”“助残日”201户贫困残疾人家庭走访慰问工作；二是完成2025年度专职委员工资发放工作，每月发放专职委员124人；三是完成第三代残疾人证评审人员901人；四是完成新平县基层残疾人协会活动2次；五是做好全国残疾人基本服务状况和需求信息数据动态更新的入户核查、信息录入等工作，年末系统数据人数为14222人；六是利用“全国助残日、爱耳日、爱眼日、残疾预防宣传日”等活动做好2025年“惠残”政策宣传工作；七是完成2025年残疾人信访、贫困残疾人评定工作；八是完成残疾人就业服务机构建设工作，更好地服务残疾人，使残疾人事业得到更好的发展。
A13: 项目支出绩效指标表
A14: 绩效指标 | E14: 年度指标值 | H14: 指标完成情况
A15: 一级 指标 | C15: 二级指标 | D15: 三级指标 | E15: 指标性质 | F15: 指标值 | G15: 度量单位 | H15: 实际完成值 | I15: 分值 | J15: 得分 | K15: 偏差原因分析及改进措施
A16: 产出指标 | C16: 数量指标 | D16: 2025年贫困残疾人“春节”“助残日”走访慰问 | E16: = | F16: 460 | G16: 户 | H16: 201 | I16: 6 | J16: 3 | K16: 受县财政困难因素影响，相应核减慰问人员数量，严格控制慰问规模。下一步，积极与财政部门做好对接工作，准确掌握慰问人数。
D17: 残疾人协会活动经费 | E17: >= | F17: 2 | G17: 次 | H17: 2 | I17: 6 | J17: 6 | K17: 无偏差。
D18: 全国残疾人基本服务状况和需求信息数据动态更新工作经费 | E18: >= | F18: 15000 | G18: 人 | H18: 14222 | I18: 6 | J18: 5 | K18: 因残疾人员死亡、新增人员数量预判不够精准，导致数据存在偏差。下一步，将强化政策宣传与摸排力度，精准掌握残疾人基本情况，不断提高数据管理质量。
D19: 残疾人专职委员生活补助 | E19: = | F19: 124 | G19: 人次 | H19: 124 | I19: 6 | J19: 6 | K19: 无偏差。
D20: 残疾人证评审费 | E20: >= | F20: 2000 | G20: 人 | H20: 901 | I20: 6 | J20: 3 | K20: 年初计划动员持证残疾人员积极参加残疾评定，确保所持证件与实际身体状况相符，但实际参与评残人员多为未持证人员，导致评残人数未达预期。下一步，将加强政策宣传引导，精准组织动员，准确掌握评残人数。
C21: 质量指标 | D21: 补助对象精准率 | E21: >= | F21: 98 | G21: % | H21: 100 | I21: 5 | J21: 5 | K21: 无偏差。
D22: 补助事项公示度 | E22: >= | F22: 98 | G22: % | H22: 100 | I22: 5 | J22: 5 | K22: 无偏差。
C23: 时效指标 | D23: 发放及时率 | E23: = | F23: 95 | G23: % | H23: 100 | I23: 10 | J23: 10 | K23: 无偏差。
A24: 效益指标 | C24: 社会效益指标 | D24: 残疾人获得幸福感 | E24: = | F24: 提升显著 | G24: 是/否 | H24: 提升显著 | I24: 30 | J24: 30 | K24: 无偏差。
A25: 满意度指标 | C25: 服务对象满意度指标 | D25: 受益对象满意度 | E25: >= | F25: 95 | G25: % | H25: 100 | I25: 10 | J25: 10 | K25: 无偏差。
A26: 其他需要说明的事项 | D26: 无。
A27: 总分 | I27: 总分值 | J27: 总得分 | K27: 自评等级
I28: 100 | J28: 93 | K28: 优

Sheet GK15项目支出绩效自评表4
A1: 2025年度项目支出绩效自评表
L2: 公开15表-4
A3: 项目名称 | C3: 专项彩票公益金支持残疾人事业发展补助经费
A4: 主管部门 | C4: 新平彝族傣族自治县残疾人联合会 | H4: 实施单位 | I4: 新平彝族傣族自治县残疾人联合会
A5: 项目资金 （万元） | D5: 年初预算数 | F5: 全年预算数 | H5: 全年执行数 | I5: 分值 | J5: 执行率 | K5: 得分 | L5: 备注
C6: 年度资金总额 | D6: 0 | F6: 206.03 | H6: 88.46 | I6: 10 | J6: 42.94 | K6: 4.29
C7: 其中：财政拨款 | D7: 0 | F7: 61.08 | H7: 0 | J7: 0
C8: 上年结转资金 | D8: 0 | F8: 144.95 | H8: 88.46 | J8: 61.03
C9: 非财政拨款 | D9: 0 | F9: 0 | H9: 0 | J9: 0
A10: 年度 总体 目标 | B10: 预期目标 | H10: 实际完成情况
B11: 通过实施残疾人精准康复服务行动，为20名有康复需求经济困难家庭残疾儿童提供基本康复服务，有效改善其功能障碍、提高生活质量和社会活动参与能力。为有效带动社会各界参与教育发展，有效提高学生学习信心，鼓励其努力学习、成长成才，有效支持乡村振兴，促进教育公平和社会和谐，完成36人彩票公益金助学。为减轻精神、智力、重度肢体残疾人家庭负担，更好地为残疾人服务，完成100名贫困精神、智力和重度残疾人评定补贴，完成残疾人就业创业示范户补助、盲人规范化建设星级补助10个、就业创业基地补助1人、残疾人农家书屋管理员补助40名。 | H11: 一是完成残疾人农家书屋管理员40人工资发放工作；二是完成经济困难家庭残疾儿童71人康复救助工作，有效改善其功能障碍、提高生活质量和社会活动参与能力；三是完成残疾人就业创业示范户补助15户，完善落实残疾人就业保护和就业促进政策措施，千方百计促进残疾人及家庭就业增收，帮助和促进更多的残疾人实现就业创业，实现残疾人就业稳步推进；四是评定审核符合办证补贴人数为134人。
A13: 项目支出绩效指标表
A14: 绩效指标 | E14: 年度指标值 | H14: 指标完成情况
A15: 一级 指标 | C15: 二级指标 | D15: 三级指标 | E15: 指标性质 | F15: 指标值 | G15: 度量单位 | H15: 实际完成值 | I15: 分值 | J15: 得分 | K15: 偏差原因分析及改进措施
A16: 产出指标 | C16: 数量指标 | D16: 残疾人办证评定补贴人数 | E16: <= | F16: 380 | G16: 人 | H16: 134 | I16: 5 | J16: 5 | K16: 无偏差。
D17: 彩票公益金助学补助人数 | E17: <= | F17: 36 | G17: 人 | H17: 34 | I17: 5 | J17: 5 | K17: 无偏差。
D18: 残疾人就业创业示范户补助 | E18: >= | F18: 10 | G18: 户 | H18: 15 | I18: 5 | J18: 3 | K18: 上年资金调度困难，本年补助含上年应补数。下一步：积极做好项目资金支出预算工作，准确设置绩效指标。
D19: 农家书屋管理员生活补助 | E19: <= | F19: 40 | G19: 人 | H19: 40 | I19: 5 | J19: 4 | K19: 年初对绩效指标预估不准确。下一步：加强业务知识学习，准确编报项目绩效目标。
D20: 残疾儿童康复人数 | E20: >= | F20: 72 | G20: 人次 | H20: 71 | I20: 5 | J20: 4 | K20: 年初对新增残疾儿童康复申请人数预估不足。下一步：加强残疾儿童管理工作，更加准确编制项目绩效目标。
C21: 质量指标 | D21: 残疾儿童身体状况得到改善 | E21: < | F21: 有所改善 | G21: 是/否 | H21: 有所改善 | I21: 5 | J21: 5 | K21: 无偏差。
D22: 补助事项公示度 | E22: <= | F22: 90 | G22: % | H22: 100 | I22: 5 | J22: 5 | K22: 无偏差。
D23: 获补对象准确率 | E23: <= | F23: 90 | G23: % | H23: 100 | I23: 5 | J23: 5 | K23: 无偏差。
C24: 时效指标 | D24: 项目完成时间 | E24: <= | F24: 1 | G24: 年 | H24: 1 | I24: 5 | J24: 5 | K24: 无偏差。
D25: 获补对象发放及时率 | E25: <= | F25: 95 | G25: % | H25: 100 | I25: 5 | J25: 5 | K25: 无偏差。
A26: 效益指标 | C26: 社会效益指标 | D26: 有需求的残疾儿童康复覆盖率 | E26: >= | F26: 90 | G26: % | H26: 100 | I26: 10 | J26: 10 | K26: 无偏差。
D27: 助学获得资助者稳定在学率 | E27: >= | F27: 80 | G27: % | H27: 100 | I27: 10 | J27: 10 | K27: 无偏差。
D28: 补助对象创业就业条件得到改善 | E28: = | F28: 有所提高 | G28: 是/否 | H28: 有所提高 | I28: 10 | J28: 10 | K28: 无偏差。
A29: 满意度指标 | C29: 服务对象满意度指标 | D29: 受益对象满意度 | E29: >= | F29: 95 | G29: % | H29: 100 | I29: 10 | J29: 10 | K29: 无偏差。
A30: 其他需要说明的事项 | D30: 无。
A31: 总分 | I31: 总分值 | J31: 总得分 | K31: 自评等级
I32: 100 | J32: 90.29 | K32: 优

Sheet GK15项目支出绩效自评表5
A1: 2025年度项目支出绩效自评表
L2: 公开15表-5
A3: 项目名称 | C3: 云南省“精准医疗爱眼护眼”公益活动工作经费
A4: 主管部门 | C4: 新平彝族傣族自治县残疾人联合会 | H4: 实施单位 | I4: 新平彝族傣族自治县残疾人联合会
A5: 项目资金 （万元） | D5: 年初预算数 | F5: 全年预算数 | H5: 全年执行数 | I5: 分值 | J5: 执行率 | K5: 得分 | L5: 备注
C6: 年度资金总额 | D6: 6 | F6: 4.63 | H6: 4.63 | I6: 10 | J6: 100 | K6: 10
C7: 其中：财政拨款 | D7: 0 | F7: 0 | H7: 0 | J7: 0
C8: 上年结转资金 | D8: 0 | F8: 0 | H8: 0 | J8: 0
C9: 非财政拨款 | D9: 6 | F9: 4.63 | H9: 4.63 | J9: 100
A10: 年度 总体 目标 | B10: 预期目标 | H10: 实际完成情况
B11: 组织我县低视力、贫困人群眼疾患者进行入户筛查，对眼疾患者应筛尽筛、应救尽救，提供慈善医疗救助及手术救治，认真对本次公益项目进行宣传和组织，推进我县“防盲、治盲”工作，让残疾、经济贫困人群眼疾患者重见光明。宣传发动24场次，召开会议1次，深入乡镇筛查800人次，术后回访400人次。 | H11: 2025年单位有1名职工去驻村，项目资金差旅费支出小于年初预算数，导致年末项目资金累计结转15977.54元。
A13: 项目支出绩效指标表
A14: 绩效指标 | E14: 年度指标值 | H14: 指标完成情况
A15: 一级 指标 | C15: 二级指标 | D15: 三级指标 | E15: 指标性质 | F15: 指标值 | G15: 度量单位 | H15: 实际完成值 | I15: 分值 | J15: 得分 | K15: 偏差原因分析及 改进措施
A16: 产出指标 | C16: 数量指标 | D16: 公开发放的宣传材料数量 | E16: >= | F16: 1000 | G16: 份 | H16: 1200 | I16: 5 | J16: 5 | K16: 无偏差。
D17: 宣传活动举办次数 | E17: >= | F17: 24 | G17: 次 | H17: 24 | I17: 5 | J17: 5 | K17: 无偏差。
D18: 参会人数 | E18: >= | F18: 354 | G18: 人次 | H18: 360 | I18: 5 | J18: 5 | K18: 无偏差。
D19: 培训次数 | E19: >= | F19: 12 | G19: 期 | H19: 12 | I19: 5 | J19: 5 | K19: 无偏差。
C20: 质量指标 | D20: 参会人员到会率 | E20: >= | F20: 95 | G20: % | H20: 95 | I20: 10 | J20: 10 | K20: 无偏差。
D21: 眼疾患者筛查覆盖率 | E21: >= | F21: 95 | G21: % | H21: 95 | I21: 10 | J21: 10 | K21: 无偏差。
C22: 时效指标 | D22: 完成时限 | E22: = | F22: 1 | G22: 年 | H22: 1 | I22: 10 | J22: 10 | K22: 无偏差。
A23: 效益指标 | C23: 社会效益指标 | D23: 眼健康水平得到提高 | E23: >= | F23: 显著 | G23: % | H23: 显著 | I23: 10 | J23: 10 | K23: 无偏差。
D24: 宣传内容知晓率 | E24: >= | F24: 95 | G24: % | H24: 100 | I24: 10 | J24: 10 | K24: 无偏差。
C25: 可持续影响指标 | D25: 防盲治盲工作得到可持续发展 | E25: = | F25: 显著 | G25: % | H25: 显著 | I25: 10 | J25: 10 | K25: 无偏差。
A26: 满意度指标 | C26: 服务对象满意度指标 | D26: 社会公众满意度 | E26: >= | F26: 95 | G26: % | H26: 100 | I26: 10 | J26: 10 | K26: 无偏差。
A27: 其他需要说明的事项 | D27: 无。
A28: 总分 | I28: 总分值 | J28: 总得分 | K28: 自评等级
I29: 100 | J29: 100 | K29: 优

Sheet GK15项目支出绩效自评表6
A1: 2025年度项目支出绩效自评表
L2: 公开15表-6
A3: 项目名称 | C3: 机关事业单位职工及军人抚恤补助经费
A4: 主管部门 | C4: 新平彝族傣族自治县残疾人联合会 | H4: 实施单位 | I4: 新平彝族傣族自治县残疾人联合会
A5: 项目资金 （万元） | D5: 年初预算数 | F5: 全年预算数 | H5: 全年执行数 | I5: 分值 | J5: 执行率 | K5: 得分 | L5: 备注
C6: 年度资金总额 | D6: 1.15 | F6: 26.83 | H6: 26.83 | I6: 10 | J6: 100 | K6: 10
C7: 其中：财政拨款 | D7: 1.15 | F7: 26.83 | H7: 26.83 | J7: 100
C8: 上年结转资金 | D8: 0 | F8: 0 | H8: 0 | J8: 0
C9: 非财政拨款 | D9: 0 | F9: 0 | H9: 0 | J9: 0
A10: 年度 总体 目标 | B10: 预期目标 | H10: 实际完成情况
B11: 根据《中共新平县委组织部 新平县人力资源和社会保障局关于调整新平县机关事业单位2024年遗属生活困难补助有关问题的通知》精神，符合遗属生活困难补助条件的人员，从2024年7月起按如下补助标准调整：补助对象为城镇户口的，职工因病死亡的补助标准调整为956元/月·人；全年应补助11526.00元。 | H11: 顺利完成2025年度遗属生活补助发放及退休职工死亡丧葬抚恤费支付工作，其中：发放遗属生活补助1人，支付退休职工死亡丧葬抚恤费1人。
A13: 项目支出绩效指标表
A14: 绩效指标 | E14: 年度指标值 | H14: 指标完成情况
A15: 一级 指标 | C15: 二级指标 | D15: 三级指标 | E15: 指标性质 | F15: 指标值 | G15: 度量单位 | H15: 实际完成值 | I15: 分值 | J15: 得分 | K15: 偏差原因分析及改进措施
A16: 产出指标 | C16: 数量指标 | D16: 获补对象数 | E16: = | F16: 1 | G16: 人 | H16: 1 | I16: 20 | J16: 20 | K16: 无偏差。
C17: 质量指标 | D17: 获补对象准确率 | E17: = | F17: 98 | G17: % | H17: 100 | I17: 15 | J17: 15 | K17: 无偏差。
D18: 补助发放及时率 | E18: = | F18: 98 | G18: % | H18: 100 | I18: 15 | J18: 15 | K18: 无偏差。
A19: 效益指标 | C19: 社会效益指标 | D19: 生活状况改善 | E19: = | F19: 改善 | G19: 上升 | H19: 改善 | I19: 30 | J19: 30 | K19: 无偏差。
A20: 满意度指标 | C20: 服务对象满意度指标 | D20: 受益对象满意度 | E20: >= | F20: 95 | G20: % | H20: 100 | I20: 10 | J20: 10 | K20: 无偏差。
A21: 其他需要说明的事项 | D21: 无。
A22: 总分 | I22: 总分值 | J22: 总得分 | K22: 自评等级
I23: 100 | J23: 100 | K23: 优

Sheet GK15项目支出绩效自评表7
A1: 2025年度项目支出绩效自评表
L2: 公开15表-7
A3: 项目名称 | C3: 2025年云南省政府专项债券（十五至十七期）转贷（第二批第四次）资金
A4: 主管部门 | C4: 新平彝族傣族自治县残疾人联合会 | H4: 实施单位 | I4: 新平彝族傣族自治县残疾人联合会
A5: 项目资金 （万元） | D5: 年初预算数 | F5: 全年预算数 | H5: 全年执行数 | I5: 分值 | J5: 执行率 | K5: 得分 | L5: 备注
C6: 年度资金总额 | D6: 0 | F6: 1.13 | H6: 1.13 | I6: 10 | J6: 100 | K6: 10
C7: 其中：财政拨款 | D7: 0 | F7: 1.13 | H7: 1.13 | J7: 100
C8: 上年结转资金 | D8: 0 | F8: 0 | H8: 0 | J8: 0
C9: 非财政拨款 | D9: 0 | F9: 0 | H9: 0 | J9: 0
A10: 年度 总体 目标 | B10: 预期目标 | H10: 实际完成情况
B11: 根据《云南省政府一般债务预算管理办法》（云财预〔2016〕388号）、市委、市政府专项工作专题会议及关于做好清欠工作通知，本年度计划清偿4户中小企业，计划解决2023年“阳光家园计划”项目、新平县残疾人联合会文书、业务档案整理及数字化扫描加工服务项目、新平县残联2023年成人纸尿裤、护理垫采购项目、新平县残疾人联合会会议音响系统设备购买及安装项目等4笔项目拖欠资金，通过项目实施，切实维护中小企业合法权益，不断提升民营企业中小企业获得感，改善中小企业经营状况，为民营经济中小企业创造良好的发展环境。 | H11: 项目完成1户中小企业债务清偿任务，解决了2023年业务档案整理及数字化扫描加工服务项目拖欠资金支付工作。
A13: 项目支出绩效指标表
A14: 绩效指标 | E14: 年度指标值 | H14: 指标完成情况
A15: 一级 指标 | C15: 二级指标 | D15: 三级指标 | E15: 指标性质 | F15: 指标值 | G15: 度量单位 | H15: 实际完成值 | I15: 分值 | J15: 得分 | K15: 偏差原因分析及改进措施
A16: 产出指标 | C16: 数量指标 | D16: 清偿中小企业数量 | E16: <= | F16: 2 | G16: 个 | H16: 1 | I16: 20 | J16: 20 | K16: 无偏差。
D17: 涉及项目数量 | E17: <= | F17: 2 | G17: 个 | H17: 1 | I17: 10 | J17: 10 | K17: 无偏差。
C18: 质量指标 | D18: 督办任务完成率 | E18: = | F18: 100 | G18: % | H18: 100 | I18: 10 | J18: 10 | K18: 无偏差。
C19: 时效指标 | D19: 资金支付完成率 | E19: >= | F19: 95 | G19: % | H19: 100 | I19: 10 | J19: 10 | K19: 无偏差。
A20: 效益指标 | C20: 社会效益指标 | D20: 问题解决率 | E20: >= | F20: 95 | G20: % | H20: 100 | I20: 30 | J20: 30 | K20: 无偏差。
A21: 满意度指标 | C21: 服务对象满意度指标 | D21: 受益对象满意度 | E21: >= | F21: 90 | G21: % | H21: 100 | I21: 10 | J21: 10 | K21: 无偏差。
A22: 其他需要说明的事项 | D22: 无。
A23: 总分 | I23: 总分值 | J23: 总得分 | K23: 自评等级
I24: 100 | J24: 100 | K24: 优

Sheet GK15项目支出绩效自评表8
A1: 2025年度项目支出绩效自评表
L2: 公开15表-8
A3: 项目名称 | C3: 2025年云南省政府专项债券（十五至十七期）转贷（第二批第十次）资金
A4: 主管部门 | C4: 新平彝族傣族自治县残疾人联合会 | H4: 实施单位 | I4: 新平彝族傣族自治县残疾人联合会
A5: 项目资金 （万元） | D5: 年初预算数 | F5: 全年预算数 | H5: 全年执行数 | I5: 分值 | J5: 执行率 | K5: 得分 | L5: 备注
C6: 年度资金总额 | D6: 0 | F6: 6.79 | H6: 6.79 | I6: 10 | J6: 100 | K6: 10
C7: 其中：财政拨款 | D7: 0 | F7: 6.79 | H7: 6.79 | J7: 100
C8: 上年结转资金 | D8: 0 | F8: 0 | H8: 0 | J8: 0
C9: 非财政拨款 | D9: 0 | F9: 0 | H9: 0 | J9: 0
A10: 年度 总体 目标 | B10: 预期目标 | H10: 实际完成情况
B11: 根据《云南省政府一般债务预算管理办法》（云财预〔2016〕388号）、市委、市政府专项工作专题会议及关于做好清欠工作通知，本年度计划清偿4户中小企业，计划解决2023年“阳光家园计划”项目、新平县残疾人联合会文书、业务档案整理及数字化扫描加工服务项目、新平县残联2023年成人纸尿裤、护理垫采购项目、新平县残疾人联合会会议音响系统设备购买及安装项目等4笔项目拖欠资金，通过项目实施，切实维护中小企业合法权益，不断提升民营企业中小企业获得感，改善中小企业经营状况，为民营经济中小企业创造良好的发展环境。 | H11: 项目完成3户中小企业债务清偿任务，解决了2023年“阳光家园计划”项目、新平县残联2023年成人纸尿裤、护理垫采购项目、新平县残疾人联合会会议音响系统设备购买及安装项目3个项目拖欠资金支付工作。
A13: 项目支出绩效指标表
A14: 绩效指标 | E14: 年度指标值 | H14: 指标完成情况
A15: 一级 指标 | C15: 二级指标 | D15: 三级指标 | E15: 指标性质 | F15: 指标值 | G15: 度量单位 | H15: 实际完成值 | I15: 分值 | J15: 得分 | K15: 偏差原因分析及改进措施
A16: 产出指标 | C16: 数量指标 | D16: 涉及项目数量 | E16: = | F16: 3 | G16: 个 | H16: 3 | I16: 10 | J16: 10 | K16: 无偏差。
D17: 清偿中小企业数量 | E17: = | F17: 3 | G17: 个 | H17: 3 | I17: 20 | J17: 20 | K17: 无偏差。
C18: 质量指标 | D18: 督办任务完成率 | E18: = | F18: 100 | G18: % | H18: 100 | I18: 10 | J18: 10 | K18: 无偏差。
C19: 时效指标 | D19: 资金支付完成率 | E19: >= | F19: 95 | G19: % | H19: 100 | I19: 10 | J19: 10 | K19: 无偏差。
A20: 效益指标 | C20: 社会效益指标 | D20: 问题解决率 | E20: >= | F20: 95 | G20: % | H20: 100 | I20: 30 | J20: 30 | K20: 无偏差。
A21: 满意度指标 | C21: 服务对象满意度指标 | D21: 受益对象满意度 | E21: >= | F21: 90 | G21: % | H21: 100 | I21: 10 | J21: 10 | K21: 无偏差。
A22: 其他需要说明的事项 | D22: 无。
A23: 总分 | I23: 总分值 | J23: 总得分 | K23: 自评等级
I24: 100 | J24: 100 | K24: 优
